[Event "FIDE World Junior U20-ch Girls 2025"]
[Site "Petrovac"]
[Date "2025.02.26"]
[Round "2.18"]
[White "Sneha Halder"]
[Black "Zhapova, Yana"]
[Result "1/2-1/2"]
[Annotator "ChessBase"]
[ECO "D02"]
[WhiteElo "2065"]
[BlackElo "2234"]
[PlyCount "93"]
[EventDate "2025.02.23"]
[EventType "swiss"]
[EventCountry "MNE"]
[SourceTitle "playchess.com"]
[Source "ChessBase"]
[SourceQuality "1"]
[TimeControl "40/5400+30:1800+30"]

1. d4 Nf6 2. Nf3 d5 3. Bf4 c5 4. e3 Nc6 5. c3 e6 6. Nbd2 Be7 7. Bd3 Nh5 8. Bg3 Nxg3 9. hxg3 h6 10. Rc1 Bd6 11. Bb1 e5 12. dxe5 Nxe5 13. Nxe5 Bxe5 14. Qh5 Bf6 15. Rd1 Qb6 16. Qxd5 Be6 17. Nc4 Bxd5 18. Nxb6 Bxg2 19. Nxa8 Bxh1 20. Nc7+ Ke7 21. e4 Bf3 22. Rd5 Rc8 23. Nb5 a6 24. Nd6 Rd8 25. Nf5+ Kf8 26. Rxd8+ Bxd8 27. Bd3 g6 28. Nd6 b5 29. Be2 Bxe2 30. Kxe2 f6 31. e5 fxe5 32. Ne4 Be7 33. b3 Kf7 34. c4 b4 35. f3 Ke6 36. Nf2 Kf5 37. Kd3 h5 38. Ke3 Bg5+ 39. Ke2 Bh6 40. Kd3 g5 41. Ke2 h4 42. Ng4 Bf8 43. Ne3+ Ke6 44. Nf1 Bd6 45. Ke3 Kf5 46. g4+ Ke6 47. Ke4 1/2-1/2

[Event "FIDE World Junior U20-ch Girls 2025"]
[Site "Petrovac"]
[Date "2025.02.26"]
[Round "2.19"]
[White "Omonova, Umida"]
[Black "Zelbova, Lada"]
[Result "1-0"]
[Annotator "ChessBase"]
[ECO "B52"]
[WhiteElo "2228"]
[BlackElo "1994"]
[PlyCount "53"]
[EventDate "2025.02.23"]
[EventType "swiss"]
[EventCountry "MNE"]
[SourceTitle "playchess.com"]
[Source "ChessBase"]
[SourceQuality "1"]
[TimeControl "40/5400+30:1800+30"]

1. e4 c5 2. Nf3 d6 3. Bb5+ Bd7 4. Bxd7+ Nxd7 5. O-O Ngf6 6. Qe2 e6 7. b3 Rc8 8. Bb2 g6 9. c4 Bg7 10. d4 cxd4 11. Nxd4 a6 12. Nc3 O-O 13. Rad1 Qa5 14. Kh1 Rc7 15. f3 Rfc8 16. Na4 Qh5 17. g4 Qh4 18. Rg1 e5 19. Nc2 b5 20. Nc3 bxc4 21. b4 Bf8 22. Bc1 h5 23. g5 Nh7 24. Rg3 f6 25. Qg2 Nxg5 26. Rxg5 fxg5 27. Bxg5 1-0

[Event "FIDE World Junior U20-ch Girls 2025"]
[Site "Petrovac"]
[Date "2025.02.26"]
[Round "2.20"]
[White "Seyilhanova, Gulmira"]
[Black "Wang, Chuqiao"]
[Result "0-1"]
[Annotator "ChessBase"]
[ECO "A07"]
[WhiteElo "1939"]
[BlackElo "2227"]
[PlyCount "104"]
[EventDate "2025.02.23"]
[EventType "swiss"]
[EventCountry "MNE"]
[SourceTitle "playchess.com"]
[Source "ChessBase"]
[SourceQuality "1"]
[TimeControl "40/5400+30:1800+30"]

1. Nf3 d5 2. g3 Bg4 3. Bg2 Nf6 4. d3 Nbd7 5. O-O e5 6. Nbd2 Be7 7. h3 Bf5 8. Nh4 Be6 9. e4 dxe4 10. dxe4 c6 11. Qe2 Qc7 12. a4 g6 13. b3 O-O 14. Nhf3 Nh5 15. Nc4 f6 16. Be3 Ng7 17. Rfd1 Rfd8 18. Nh2 Nb6 19. Nb2 Rxd1+ 20. Rxd1 Rd8 21. Nf1 Rxd1 22. Qxd1 Nd7 23. Nd2 b5 24. axb5 cxb5 25. c4 a6 26. Bf1 Qa5 27. Qc2 Qc7 28. Kh2 f5 29. f3 a5 30. Bd3 b4 31. Nf1 Nc5 32. Bf2 f4 33. g4 Bd7 34. Be2 Nge6 35. Qd1 Kf7 36. Kg2 h5 37. Nd2 Qd6 38. Qc1 Bc6 39. Kh2 Qd7 40. gxh5 gxh5 41. Qd1 Ng5 42. h4 Nge6 43. Bf1 Nd4 44. Bh3 Qd8 45. Qg1 Ncxb3 46. Bxd4 Qxd4 47. Qxd4 Nxd4 48. c5 a4 49. Nd3 a3 50. Nxb4 Bxc5 51. Nxc6 a2 52. Nxe5+ Kg7 0-1

[Event "FIDE World Junior U20-ch Girls 2025"]
[Site "Petrovac"]
[Date "2025.02.26"]
[Round "2.21"]
[White "Mgeladze, Kesaria"]
[Black "Nguyen, Binh Vy"]
[Result "1-0"]
[Annotator "ChessBase"]
[ECO "B48"]
[WhiteElo "2219"]
[BlackElo "1926"]
[PlyCount "104"]
[EventDate "2025.02.23"]
[EventType "swiss"]
[EventCountry "MNE"]
[SourceTitle "playchess.com"]
[Source "ChessBase"]
[SourceQuality "1"]
[TimeControl "40/5400+30:1800+30"]

1. e4 c5 2. Nf3 e6 3. d4 cxd4 4. Nxd4 Nc6 5. Nc3 Qc7 6. Be3 a6 7. Qf3 Bd6 8. O-O-O Be5 9. Nxc6 bxc6 10. Bd4 Nf6 11. Bxe5 Qxe5 12. Qe3 Qa5 13. f4 d5 14. exd5 cxd5 15. g4 O-O 16. g5 Ne4 17. Nxe4 dxe4 18. Qxe4 Ra7 19. Bd3 g6 20. a3 Bb7 21. Qd4 Raa8 22. Rhf1 Rab8 23. h4 Rfd8 24. Qf6 Qb6 25. h5 Qe3+ 26. Kb1 Qd4 27. Qxd4 Rxd4 28. Be2 Re4 29. Rd2 gxh5 30. Bxh5 Bd5 31. Be2 a5 32. Bd3 Re3 33. Re2 Rh3 34. Kc1 Rc8 35. Rd2 Rb8 36. b3 Bc6 37. a4 Bd5 38. Kb2 Bc6 39. Kc1 Bd5 40. Bb5 Rc8 41. Rxd5 exd5 42. Bd7 Rcc3 43. Bxh3 Rxh3 44. Rd1 Rf3 45. Rxd5 Rxf4 46. Rxa5 Kf8 47. Rc5 Ke7 48. a5 Rb4 49. a6 Rb8 50. a7 Ra8 51. Rc7+ Kd6 52. Rxf7 Kd5 1-0

[Event "FIDE World Junior U20-ch Girls 2025"]
[Site "Petrovac"]
[Date "2025.02.26"]
[Round "2.22"]
[White "Kaldarova, Ayaulym"]
[Black "Guo, Hanxi"]
[Result "1-0"]
[Annotator "ChessBase"]
[ECO "E05"]
[WhiteElo "2248"]
[BlackElo "1854"]
[PlyCount "113"]
[EventDate "2025.02.23"]
[EventType "swiss"]
[EventCountry "MNE"]
[SourceTitle "playchess.com"]
[Source "ChessBase"]
[SourceQuality "1"]
[TimeControl "40/5400+30:1800+30"]

1. Nf3 Nf6 2. c4 e6 3. g3 Be7 4. Bg2 O-O 5. O-O d5 6. d4 dxc4 7. Qc2 a6 8. a4 Bd7 9. Qxc4 Bc6 10. Bg5 Bd5 11. Qc2 Be4 12. Qc1 c6 13. Rd1 Nbd7 14. Nc3 Bg6 15. a5 h6 16. Bxf6 Nxf6 17. Ne5 Bh7 18. Nc4 Qc7 19. e4 Rad8 20. Qe3 Rfe8 21. Na4 Bb4 22. Nc5 Nd7 23. e5 Re7 24. Nd6 Rb8 25. Rdc1 Bxc5 26. dxc5 Nf8 27. h4 Rd7 28. h5 Qd8 29. Rc4 Qg5 30. Qe2 Bf5 31. Rd4 f6 32. Rad1 fxe5 33. Qxe5 Bc2 34. Qxg5 hxg5 35. Re1 Bb3 36. Re5 Nh7 37. Bh3 Re7 38. Ne4 Bd5 39. Nxg5 Nxg5 40. Rxg5 e5 41. Rd2 Kf7 42. Rf5+ Kg8 43. Bg2 Rd8 44. Rg5 Kf7 45. Be4 Rdd7 46. Bg6+ Kf8 47. Bf5 Be6 48. Rxd7 Bxd7 49. Bxd7 Rxd7 50. Rxe5 Rd2 51. b4 Rd4 52. Rf5+ Ke7 53. Rf4 Rd5 54. g4 Ke6 55. Kg2 Rd3 56. f3 Ke5 57. Rf7 1-0

[Event "FIDE World Junior U20-ch Girls 2025"]
[Site "Petrovac"]
[Date "2025.02.26"]
[Round "2.23"]
[White "Imomkuzieva, Nilufarkhon"]
[Black "Song, Yuxin"]
[Result "0-1"]
[Annotator "ChessBase"]
[ECO "B90"]
[WhiteElo "1983"]
[BlackElo "2381"]
[PlyCount "84"]
[EventDate "2025.02.23"]
[EventType "swiss"]
[EventCountry "MNE"]
[SourceTitle "playchess.com"]
[Source "ChessBase"]
[SourceQuality "1"]
[TimeControl "40/5400+30:1800+30"]

1. e4 c5 2. Nf3 d6 3. d4 cxd4 4. Nxd4 Nf6 5. Nc3 a6 6. h3 e6 7. g4 b5 8. Bg2 Bb7 9. O-O Nfd7 10. Re1 Be7 11. a4 bxa4 12. Rxa4 O-O 13. Nde2 Nc6 14. Bf4 Nb6 15. Ra1 Qc7 16. b3 Ne5 17. Qd2 Ng6 18. Be3 Rac8 19. Rad1 Nd7 20. Bg5 f6 21. Bf4 Nxf4 22. Qxf4 Ne5 23. Qg3 Ng6 24. Rd3 Ne5 25. Rdd1 f5 26. exf5 Bxg2 27. Qxg2 exf5 28. Nd5 Qa7 29. Nd4 fxg4 30. hxg4 Bg5 31. Re4 Ng6 32. Qh2 Ne5 33. Qg3 Rce8 34. Rde1 Bh4 35. Qxh4 Qxd4 36. Ne7+ Rxe7 37. Qxe7 Qxf2+ 38. Kh1 Qf3+ 39. Kg1 Qg3+ 40. Kh1 Qh3+ 41. Kg1 Nf3+ 42. Kf2 Qh2+ 0-1

[Event "FIDE World Junior U20-ch Girls 2025"]
[Site "Petrovac"]
[Date "2025.02.26"]
[Round "2.24"]
[White "Avetisyan, Ani"]
[Black "Kaliakhmet, Elnaz"]
[Result "0-1"]
[Annotator "ChessBase"]
[ECO "D46"]
[WhiteElo "1904"]
[BlackElo "2242"]
[PlyCount "94"]
[EventDate "2025.02.23"]
[EventType "swiss"]
[EventCountry "MNE"]
[SourceTitle "playchess.com"]
[Source "ChessBase"]
[SourceQuality "1"]
[TimeControl "40/5400+30:1800+30"]

1. d4 Nf6 2. c4 e6 3. Nf3 d5 4. Nc3 c6 5. Qc2 Nbd7 6. e3 Bd6 7. Bd3 dxc4 8. Bxc4 b5 9. Bd3 Bb7 10. O-O O-O 11. Rd1 Qc7 12. b3 a6 13. Bb2 Rac8 14. Rac1 h6 15. h3 Qb8 16. Qe2 c5 17. dxc5 Nxc5 18. Bb1 Rfd8 19. Rc2 b4 20. Na4 Nxa4 21. Rxc8 Rxc8 22. bxa4 Rd8 23. Bd4 a5 24. Qb5 Qa8 25. Ne1 Bc6 26. Qe2 Bxa4 27. Rc1 Rc8 28. Qd2 Rxc1 29. Qxc1 Bc6 30. Qd2 Bd5 31. Kf1 e5 32. Bb2 Bc4+ 33. Kg1 Qd5 34. Qc2 Qb5 35. Qf5 Be6 36. Qf3 Qd5 37. Qe2 a4 38. e4 Qc6 39. Nd3 Qb5 40. Kf1 Bc4 41. Kg1 a3 42. Bc1 b3 43. axb3 Qxb3 44. Bc2 Qb5 45. Qd1 a2 46. Be3 Bxd3 47. Bxd3 Qb2 0-1

[Event "FIDE World Junior U20-ch Girls 2025"]
[Site "Petrovac"]
[Date "2025.02.26"]
[Round "2.25"]
[White "Pipiras, Filipa Fortuna"]
[Black "Gasparyan, Milena"]
[Result "1/2-1/2"]
[Annotator "ChessBase"]
[ECO "E46"]
[WhiteElo "2200"]
[BlackElo "1986"]
[PlyCount "130"]
[EventDate "2025.02.23"]
[EventType "swiss"]
[EventCountry "MNE"]
[SourceTitle "playchess.com"]
[Source "ChessBase"]
[SourceQuality "1"]
[TimeControl "40/5400+30:1800+30"]

1. d4 Nf6 2. c4 e6 3. Nc3 Bb4 4. e3 O-O 5. Bd2 d5 6. Nf3 Re8 7. Be2 c5 8. a3 Bxc3 9. Bxc3 Ne4 10. Rc1 cxd4 11. Qxd4 Nxc3 12. Qxc3 dxc4 13. Bxc4 b6 14. O-O Qe7 15. Ne5 Nd7 16. Bb5 a6 17. Bc6 Ra7 18. Qd4 Rf8 19. Bxd7 Bxd7 20. Qxb6 Bb5 21. Rfd1 Rb7 22. Qd4 f6 23. Nc6 Qe8 24. Qd6 e5 25. Qd5+ Qf7 26. Na5 Rd7 27. Qxf7+ Rdxf7 28. b3 Rb8 29. a4 Be8 30. Rd6 Ra7 31. Rc3 Bxa4 32. g4 Bb5 33. Kg2 Kf7 34. h4 Rd7 35. Rxd7+ Bxd7 36. Rc7 Ke6 37. Ra7 Rb6 38. Kg3 g6 39. Nb7 Kd5 40. e4+ Kd4 41. Na5 Be6 42. Rxh7 Kxe4 43. f3+ Kd3 44. h5 gxh5 45. gxh5 e4 46. fxe4 Kxe4 47. Re7 Kf5 48. h6 Rb8 49. h7 Rh8 50. Nc4 Bxc4 51. bxc4 a5 52. c5 a4 53. c6 a3 54. c7 a2 55. Re1 Kg6 56. Ra1 Kxh7 57. Rh1+ Kg7 58. Rxh8 a1=Q 59. c8=Q Qg1+ 60. Kf3 Qf1+ 61. Ke4 Qe2+ 62. Kd5 Qd3+ 63. Kc6 Qc4+ 64. Kd6 Qd4+ 65. Kc6 Qc4+ 1/2-1/2

[Event "FIDE World Junior U20-ch Girls 2025"]
[Site "Petrovac"]
[Date "2025.02.26"]
[Round "2.26"]
[White "Mrittika Mallick"]
[Black "Karacsonyi, Kata"]
[Result "1/2-1/2"]
[Annotator "ChessBase"]
[ECO "B40"]
[WhiteElo "2058"]
[BlackElo "2191"]
[PlyCount "89"]
[EventDate "2025.02.23"]
[EventType "swiss"]
[EventCountry "MNE"]
[SourceTitle "playchess.com"]
[Source "ChessBase"]
[SourceQuality "1"]
[TimeControl "40/5400+30:1800+30"]

1. e4 c5 2. Nf3 e6 3. d4 cxd4 4. Nxd4 Nf6 5. Nc3 Nc6 6. Nxc6 bxc6 7. e5 Nd5 8. Ne4 Bb7 9. c4 Nb4 10. Bg5 Qc7 11. f4 c5 12. Nc3 a6 13. Qd2 h6 14. Bh4 d6 15. O-O-O dxe5 16. fxe5 g5 17. Bg3 Rd8 18. Qe1 Rxd1+ 19. Qxd1 Bg7 20. Qe2 Nc6 21. Qe3 Nxe5 22. h4 Ng4 23. Qe1 Be5 24. Bxe5 Qxe5 25. Qxe5 Nxe5 26. hxg5 h5 27. Na4 Nd7 28. Rh4 Bc6 29. Nc3 Ne5 30. Ne4 Bxe4 31. Rxe4 Ng6 32. Re3 Ke7 33. Rb3 Rd8 34. Rb7+ Rd7 35. Rxd7+ Kxd7 36. Kd2 Kd6 37. Ke3 Ke5 38. Bd3 Ne7 39. g3 a5 40. b3 Nf5+ 41. Kf3 Ne7 42. Ke3 Ng6 43. Bc2 Ne7 44. Bd3 Nf5+ 45. Kf3 1/2-1/2

[Event "FIDE World Junior U20-ch Girls 2025"]
[Site "Petrovac"]
[Date "2025.02.26"]
[Round "2.27"]
[White "Nurgaliyeva, Zarina"]
[Black "Mickunaite, Agne"]
[Result "1-0"]
[Annotator "ChessBase"]
[ECO "B30"]
[WhiteElo "2265"]
[BlackElo "1918"]
[PlyCount "75"]
[EventDate "2025.02.23"]
[EventType "swiss"]
[EventCountry "MNE"]
[SourceTitle "playchess.com"]
[Source "ChessBase"]
[SourceQuality "1"]
[TimeControl "40/5400+30:1800+30"]

1. e4 c5 2. Nf3 Nc6 3. Bb5 d6 4. c3 a6 5. Bxc6+ bxc6 6. d4 cxd4 7. cxd4 d5 8. e5 Bg4 9. O-O e6 10. Nc3 Ne7 11. h3 Bxf3 12. Qxf3 Nf5 13. Rd1 Qb6 14. Qd3 Be7 15. b3 O-O 16. Bf4 f6 17. Rac1 g5 18. Bh2 a5 19. Na4 Qb5 20. Qc3 Rac8 21. Nc5 Bxc5 22. Qxc5 fxe5 23. Bxe5 a4 24. b4 Qe2 25. Qc2 Qb5 26. Qd2 h6 27. Rc5 Qb7 28. Rdc1 Nh4 29. b5 Ng6 30. bxc6 Qf7 31. Bd6 Rfd8 32. Bg3 Qf5 33. Ra5 h5 34. Rxa4 h4 35. Be5 Rf8 36. Qc2 Qf7 37. Ra7 Ne7 38. Rxe7 1-0

[Event "FIDE World Junior U20-ch Girls 2025"]
[Site "Petrovac"]
[Date "2025.02.26"]
[Round "2.28"]
[White "Ostensson, Julia"]
[Black "Lu, Miaoyi"]
[Result "0-1"]
[Annotator "ChessBase"]
[ECO "B40"]
[WhiteElo "1979"]
[BlackElo "2432"]
[PlyCount "70"]
[EventDate "2025.02.23"]
[EventType "swiss"]
[EventCountry "MNE"]
[SourceTitle "playchess.com"]
[Source "ChessBase"]
[SourceQuality "1"]
[TimeControl "40/5400+30:1800+30"]

1. e4 c5 2. Nf3 e6 3. c3 d5 4. exd5 Qxd5 5. d4 Nc6 6. Na3 Nf6 7. Be2 cxd4 8. Nb5 Qd7 9. Nbxd4 a6 10. O-O Bd6 11. Qa4 Nxd4 12. Qxd4 Qc7 13. Rd1 Bc5 14. Qf4 Qb6 15. Ne5 O-O 16. Nc4 Qc6 17. Ne5 Qc7 18. Nc4 Qe7 19. Be3 b5 20. Bf3 Bxe3 21. Nxe3 e5 22. Nf5 Bxf5 23. Qxf5 e4 24. Re1 Rfe8 25. Rad1 Rac8 26. Rd4 Rc5 27. Qf4 Re5 28. Bd1 Nd5 29. Qd2 e3 30. fxe3 Nxe3 31. Rd7 Qh4 32. g3 Qf6 33. Bb3 Nc4 34. Rxe5 Nxe5 35. Bxf7+ Nxf7 0-1

[Event "FIDE World Junior U20-ch Girls 2025"]
[Site "Petrovac"]
[Date "2025.02.26"]
[Round "2.29"]
[White "Hernandez Diaz, Paula Sofia"]
[Black "Peglau, Charis"]
[Result "1/2-1/2"]
[Annotator "ChessBase"]
[ECO "A80"]
[WhiteElo "1972"]
[BlackElo "2203"]
[PlyCount "133"]
[EventDate "2025.02.23"]
[EventType "swiss"]
[EventCountry "MNE"]
[SourceTitle "playchess.com"]
[Source "ChessBase"]
[SourceQuality "1"]
[TimeControl "40/5400+30:1800+30"]

1. d4 f5 2. Nc3 Nf6 3. Bg5 g6 4. h4 Bg7 5. h5 Nxh5 6. Rxh5 gxh5 7. e4 O-O 8. Nd5 Nc6 9. Bb5 Rf7 10. Bc4 b5 11. Bb3 Qf8 12. Nxc7 e6 13. Nxa8 Bxd4 14. c3 Be5 15. exf5 Rxf5 16. Nf3 Qg7 17. Bc2 Rf7 18. Qd2 Bb7 19. O-O-O Bxa8 20. Bh6 Qf6 21. Be3 Rg7 22. Bg5 Rxg5 23. Qxg5+ Qxg5+ 24. Nxg5 Bf4+ 25. Kb1 Bxg5 26. Rxd7 Ne5 27. Rxh7 h4 28. f4 Bxf4 29. Rxh4 Bg3 30. Rh5 Kf7 31. Rh7+ Kf6 32. Rh8 Bd5 33. Rg8 Bf4 34. g3 Be3 35. b3 Nf3 36. Kb2 Ke5 37. Bd3 a6 38. c4 bxc4 39. bxc4 Bc6 40. Rc8 Nd4 41. Kc3 Kd6 42. c5+ Kxc5 43. Bxa6 Kb6 44. Bd3 e5 45. Rb8+ Kc5 46. Rc8 Kd6 47. g4 Bd7 48. Rg8 Be6 49. Rg6 Ke7 50. a4 Kf7 51. g5 Nc6 52. Rf6+ Ke7 53. Rg6 Bd4+ 54. Kd2 Na5 55. Rg7+ Kd6 56. Rh7 Nb3+ 57. Kc2 Nc5 58. g6 Nxd3 59. Kxd3 Bf5+ 60. Kc4 Ke6 61. Rh4 Be3 62. g7 Kf7 63. Rh5 Be6+ 64. Kd3 Bf4 65. Ke4 Kxg7 66. Rxe5 Bxe5 67. Kxe5 1/2-1/2

[Event "FIDE World Junior U20-ch Girls 2025"]
[Site "Petrovac"]
[Date "2025.02.26"]
[Round "2.30"]
[White "Khuslen, Erdenebayar"]
[Black "Petricenco, Ana"]
[Result "1-0"]
[Annotator "ChessBase"]
[ECO "D10"]
[WhiteElo "2201"]
[BlackElo "1973"]
[PlyCount "113"]
[EventDate "2025.02.23"]
[EventType "swiss"]
[EventCountry "MNE"]
[SourceTitle "playchess.com"]
[Source "ChessBase"]
[SourceQuality "1"]
[TimeControl "40/5400+30:1800+30"]

1. d4 d5 2. c4 c6 3. Nc3 Nf6 4. e3 Bf5 5. Nf3 e6 6. Bd3 Bxd3 7. Qxd3 Nbd7 8. O-O Bd6 9. e4 dxe4 10. Nxe4 Nxe4 11. Qxe4 Nf6 12. Qe2 O-O 13. Bg5 Be7 14. Rfd1 Re8 15. Rab1 Qc7 16. b4 Rad8 17. h3 Nh5 18. Be3 Nf4 19. Qc2 Ng6 20. Qa4 Bd6 21. Rdc1 Bf4 22. Bxf4 Nxf4 23. Rc2 Qe7 24. Re1 Qf6 25. Kh2 Qg6 26. g3 Qh5 27. Ng1 Nd3 28. Ree2 Rxd4 29. Qxa7 Red8 30. Rcd2 e5 31. Qxb7 h6 32. Qb6 Qf5 33. a4 e4 34. a5 Qf6 35. b5 Rxc4 36. a6 cxb5 37. Qxb5 Rc5 38. Qb7 Ra5 39. a7 Qa1 40. Qxe4 Qb1 41. Rxd3 Qxd3 42. Qxd3 Rxd3 43. Re8+ Kh7 44. a8=Q Rxa8 45. Rxa8 g6 46. Kg2 Kg7 47. Ra7 Rd6 48. Nf3 Kf6 49. Rb7 Re6 50. g4 Kg7 51. Kg3 Kf6 52. h4 Rd6 53. Kf4 Ke6 54. g5 h5 55. Ke4 f5+ 56. gxf6 Kxf6 57. Ng5 1-0

[Event "FIDE World Junior U20-ch Girls 2025"]
[Site "Petrovac"]
[Date "2025.02.26"]
[Round "2.31"]
[White "Canino, Ruelle"]
[Black "Liuviann, Cecilia Natalie"]
[Result "0-1"]
[Annotator "ChessBase"]
[ECO "A16"]
[WhiteElo "2179"]
[BlackElo "1964"]
[PlyCount "92"]
[EventDate "2025.02.23"]
[EventType "swiss"]
[EventCountry "MNE"]
[SourceTitle "playchess.com"]
[Source "ChessBase"]
[SourceQuality "1"]
[TimeControl "40/5400+30:1800+30"]

1. c4 Nf6 2. Nc3 d5 3. cxd5 Nxd5 4. Nf3 g6 5. h4 h5 6. d4 Bg7 7. e4 Nxc3 8. bxc3 O-O 9. Ba3 b6 10. Bc4 Bb7 11. Ng5 c5 12. Rh3 b5 13. Bxf7+ Rxf7 14. Nxf7 Kxf7 15. Qb3+ c4 16. Qxb5 Bxe4 17. Qxc4+ Qd5 18. Qe2 Nc6 19. Re3 Bf5 20. Bxe7 Nxe7 21. Rxe7+ Kf8 22. Re3 Qxg2 23. Qb2 Rc8 24. a4 Qg1+ 25. Ke2 Qg4+ 26. Kf1 Kg8 27. Rae1 Rf8 28. Qb7 Qxh4 29. Qg2 Bh6 30. Qd5+ Kh8 31. Qe5+ Bg7 32. Qg3 Qh1+ 33. Ke2 Qc6 34. Kf1 Bf6 35. Kg1 h4 36. Qf4 Kg7 37. Kh2 Qd7 38. a5 g5 39. Qf3 g4 40. Qf4 Kg6 41. R3e2 Qc6 42. Qd2 Bg5 43. Qa2 Qf3 44. Qa4 h3 45. Re6+ Bxe6 46. Rxe6+ Kh5 0-1

[Event "FIDE World Junior U20-ch Girls 2025"]
[Site "Petrovac"]
[Date "2025.02.26"]
[Round "2.32"]
[White "Bochnickova, Simona"]
[Black "Sovetbekova, Nurai"]
[Result "1/2-1/2"]
[Annotator "ChessBase"]
[ECO "B90"]
[WhiteElo "2171"]
[BlackElo "1940"]
[PlyCount "95"]
[EventDate "2025.02.23"]
[EventType "swiss"]
[EventCountry "MNE"]
[SourceTitle "playchess.com"]
[Source "ChessBase"]
[SourceQuality "1"]
[TimeControl "40/5400+30:1800+30"]

1. e4 c5 2. Nf3 d6 3. d4 cxd4 4. Nxd4 Nf6 5. Nc3 a6 6. h3 g6 7. Be3 Bg7 8. a4 Nbd7 9. g4 Nc5 10. Bg2 h5 11. g5 Nh7 12. Qd2 Rb8 13. O-O O-O 14. f4 e5 15. Nf3 exf4 16. Bxf4 Bxc3 17. Qxc3 Nxe4 18. Qb4 Re8 19. Rae1 Bf5 20. Nh4 Nhxg5 21. Nxf5 gxf5 22. Bh2 b5 23. a5 Rc8 24. Rxf5 Rc4 25. Qa3 Qd7 26. Bxe4 Nxe4 27. Rxh5 Qa7+ 28. Qe3 Qxe3+ 29. Rxe3 Rxc2 30. b4 Rb2 31. Rh4 d5 32. Rg4+ Kf8 33. Bf4 Rc8 34. Re1 Rcc2 35. h4 f5 36. Bh6+ Kf7 37. Rg7+ Kf6 38. Rg8 Rxb4 39. h5 Rb3 40. Rg6+ Kf7 41. Rg7+ Ke6 42. Rg6+ Kd7 43. Rg7+ Ke6 44. Rg6+ Kf7 45. Rg7+ Kf6 46. Rg6+ Kf7 47. Rg7+ Kf6 48. Rg6+ 1/2-1/2

[Event "FIDE World Junior U20-ch Girls 2025"]
[Site "Petrovac"]
[Date "2025.02.26"]
[Round "2.33"]
[White "Zito, Enrica"]
[Black "Shokirjonova, Barchinoy"]
[Result "0-1"]
[Annotator "ChessBase"]
[ECO "C02"]
[WhiteElo "1941"]
[BlackElo "2061"]
[PlyCount "110"]
[EventDate "2025.02.23"]
[EventType "swiss"]
[EventCountry "MNE"]
[SourceTitle "playchess.com"]
[Source "ChessBase"]
[SourceQuality "1"]
[TimeControl "40/5400+30:1800+30"]

1. e4 e6 2. d4 d5 3. e5 c5 4. c3 Nc6 5. Nf3 Bd7 6. Be2 f6 7. O-O Qb6 8. dxc5 Bxc5 9. b4 Be7 10. Be3 Qc7 11. c4 dxc4 12. Bxc4 Nxe5 13. Nxe5 Qxe5 14. Nd2 f5 15. Nf3 Qd6 16. Qe2 Nf6 17. Bc5 Qc6 18. Bxe7 Kxe7 19. Ng5 Rhe8 20. b5 Qb6 21. a4 Kf8 22. a5 Qc7 23. Qa2 Qf4 24. Nh3 Qg4 25. Rfe1 Re7 26. Rad1 Rae8 27. f3 Qh4 28. Re5 Nd5 29. Qb3 Nf4 30. Nf2 Ng6 31. Re2 Qf6 32. g3 Bc8 33. Qe3 f4 34. Qb3 fxg3 35. hxg3 Kg8 36. Ne4 Qe5 37. Kg2 Kh8 38. Nd6 Qg5 39. Re4 Rf8 40. Rg4 Qf6 41. Ne4 Qe5 42. Rg5 Qb8 43. Nd6 Bd7 44. Qb4 Be8 45. Bd3 Kg8 46. Be4 b6 47. a6 Bf7 48. Bc6 Rd8 49. Rd2 Qc7 50. Be4 Red7 51. Nc4 Rxd2+ 52. Nxd2 Qc1 53. Nc4 Qxg5 54. Nxb6 Rd2+ 55. Kf1 Qe3 0-1

[Event "FIDE World Junior U20-ch Girls 2025"]
[Site "Petrovac"]
[Date "2025.02.26"]
[Round "2.34"]
[White "Nguyen Thien Ngan"]
[Black "Shuqja, Klean"]
[Result "1-0"]
[Annotator "ChessBase"]
[ECO "B32"]
[WhiteElo "1923"]
[BlackElo "2049"]
[PlyCount "111"]
[EventDate "2025.02.23"]
[EventType "swiss"]
[EventCountry "MNE"]
[SourceTitle "playchess.com"]
[Source "ChessBase"]
[SourceQuality "1"]
[TimeControl "40/5400+30:1800+30"]

1. e4 c5 2. Nf3 Nc6 3. d4 cxd4 4. Nxd4 e5 5. Nb5 d6 6. N1c3 a6 7. Na3 b5 8. Nd5 Nge7 9. Bg5 f6 10. Be3 Nxd5 11. Qxd5 Bb7 12. c3 Qd7 13. Qd3 Be7 14. Be2 O-O 15. Bf3 Nd8 16. c4 b4 17. Nc2 a5 18. g4 Bc6 19. h4 Qb7 20. Bg2 Ne6 21. O-O Rfd8 22. b3 Rd7 23. f3 Bd8 24. g5 Bb6 25. Kh2 Bxe3 26. Qxe3 fxg5 27. Bh3 Re7 28. Bxe6+ Rxe6 29. hxg5 Rf8 30. Rg1 Qf7 31. Rg3 Qg6 32. Rag1 Rf4 33. Rh3 Re8 34. Ne1 Bd7 35. Rhg3 Rh4+ 36. Kg2 Qh5 37. Kf2 Rh2+ 38. R3g2 Qh4+ 39. Ke2 Rxg2+ 40. Rxg2 Bh3 41. Rf2 Rf8 42. Qd2 Qf4 43. Qxf4 Rxf4 44. Ke3 h6 45. gxh6 g5 46. Nd3 Rf6 47. Rh2 Bf1 48. Nf2 Kh7 49. Ng4 Rf4 50. Kf2 Bd3 51. Kg3 a4 52. Rd2 axb3 53. axb3 Bf1 54. Rxd6 Be2 55. Rd7+ Kh8 56. Nxe5 1-0

[Event "FIDE World Junior U20-ch Girls 2025"]
[Site "Petrovac"]
[Date "2025.02.26"]
[Round "2.35"]
[White "Zhou, Shumeng"]
[Black "Djerroud, Chahrazed"]
[Result "1-0"]
[Annotator "NA"]
[ECO "C54"]
[WhiteElo "2049"]
[BlackElo "1914"]
[PlyCount "83"]
[EventDate "2025.02.23"]
[EventType "swiss"]
[EventCountry "MNE"]
[SourceTitle "playchess.com"]
[Source "ChessBase"]
[SourceQuality "1"]
[TimeControl "40/5400+30:1800+30"]

1. e4 e5 2. Nf3 Nc6 3. Bc4 Bc5 4. c3 Nf6 5. d3 d6 6. O-O a5 7. h3 Be6 8. Bb5 Bd7 9. Re1 Ne7 10. Bxd7+ Nxd7 11. d4 Ba7 12. Qb3 a4 13. Qc2 O-O 14. Nbd2 Ng6 15. Nf1 Nf6 16. Ng3 Re8 17. Be3 c6 18. Rad1 Qc7 19. Bg5 Nd7 20. Nf5 Ndf8 21. h4 Ne6 22. Bc1 b5 23. g3 Ne7 24. Kg2 g6 25. Nh6+ Kg7 26. h5 f6 27. Qd2 Ng8 28. hxg6 hxg6 29. Rh1 exd4 30. cxd4 Qb6 31. Nxg8 Rxg8 32. Rh7+ Kf8 33. Qh6+ Ke8 34. Be3 Nf8 35. e5 Nxh7 36. Qxh7 Rf8 37. Qxg6+ Kd8 38. Bh6 fxe5 39. Qxd6+ Kc8 40. Bxf8 Kb7 41. Qd7+ Ka6 42. Bc5 1-0

[Event "FIDE World Junior U20-ch Girls 2025"]
[Site "Petrovac"]
[Date "2025.02.26"]
[Round "2.36"]
[White "Popovic, Mateja"]
[Black "Vujatovic, Irina"]
[Result "1/2-1/2"]
[Annotator "NA"]
[ECO "D52"]
[WhiteElo "1917"]
[BlackElo "2042"]
[PlyCount "114"]
[EventDate "2025.02.23"]
[EventType "swiss"]
[EventCountry "MNE"]
[SourceTitle "playchess.com"]
[Source "ChessBase"]
[SourceQuality "1"]
[TimeControl "40/5400+30:1800+30"]

1. d4 d5 2. c4 e6 3. Nc3 Nf6 4. Bg5 Nbd7 5. e3 c6 6. Nf3 Qa5 7. Bxf6 Nxf6 8. a3 Ne4 9. Qb3 f5 10. Bd3 Bd6 11. cxd5 exd5 12. O-O O-O 13. Bxe4 fxe4 14. Nxe4 Be7 15. Ne5 Kh8 16. Ng3 Bd6 17. f4 Qc7 18. Rac1 Be6 19. Qd3 a5 20. e4 Bxe5 21. dxe5 Qb6+ 22. Kh1 dxe4 23. Qxe4 Qxb2 24. Rb1 Qd2 25. Rxb7 Bd5 26. Qe2 Qxe2 27. Nxe2 Rae8 28. Kg1 g5 29. g3 Bc4 30. Rb2 gxf4 31. Rxf4 Rxf4 32. gxf4 Rg8+ 33. Kf2 Bd5 34. Ng3 h5 35. Ke3 h4 36. Ne4 Rg1 37. Nf6 Re1+ 38. Kf2 Rh1 39. Ke3 Re1+ 40. Kd4 Be6 41. Rb7 Bf5 42. Kc5 Re3 43. Kxc6 Rxa3 44. e6 Re3 45. e7 Bg6 46. f5 Bxf5 47. e8=Q+ Rxe8 48. Nxe8 Be4+ 49. Kb5 Bxb7 50. Kxa5 Bc6 51. Nd6 Bd7 52. Kb4 Kg7 53. Kc4 Kf6 54. Kd4 Kg5 55. Ke3 Kg4 56. Kf2 Kf4 57. Nc4 Be6 1/2-1/2